 Dungeon Crawl Stone Soup version 0.29.1-1-gd02db6906a (webtiles) character file.

Game seed: 2397688007806696332

19296 hawla the Arsonist (level 13, 0/91 HPs)
             Began as a Meteoran Fire Elementalist on Oct 11, 2022.
             Killed from afar by Aizul (8 damage)
             ... with a bolt of poison
             ... on level 1 of the Snake Pit.
             The game lasted 00:32:55 (6544 turns).

hawla the Arsonist (Meteoran Fire Elementalist)     Turns: 6544, Time: 00:32:55

Health: 0/91       AC: 12    Str:  9    XL:     13   Next: 31%
Magic:  24/40      EV: 18    Int: 20    God:
Gold:   653        SH:  5    Dex: 15    Spells: 26/39 levels left

rFire   + + .      SeeInvis .   w - +4 short sword of Truncation {vorpal, rCorr MP+9}
rCold   . . .      Faith    .   (no shield)
rNeg    + . .      Spirit   .   l - +4 robe of the Cicada {Contam rF+ rCorr Archmagi}
rPois   +          Reflect  +   r - +1 helmet of Haadausa {rPois rF+ rN+ Dex-3}
rElec   .          Harm     .   (no cloak)
rCorr   +          Rampage  ∞   (no gloves)
Will    +....      Archmagi +   h - +3 pair of seven-league boots {Rampage+∞}
Stlth   +.........              q - amulet of the Everdark {Reflect SH+5 Stlth+}
HPRegen 0.25/turn               i - +4 ring of evasion
MPRegen 0.27/turn               o - ring of flight

@: lethally poisoned (0 -> -19), flying, very slightly contaminated, glowing
A: sense surroundings 2, otherworldly, glowing, explore regen
a: no special abilities


You were on level 1 of the Snake Pit.
You visited 4 branches of the dungeon, and saw 13 of its levels.

You collected 719 gold pieces.
You spent 66 gold pieces at shops.

Inventory:

Hand Weapons
 w - the +4 short sword of Truncation (weapon) {vorpal, rCorr MP+9}
   (You found it on level 1 of the Lair of Beasts)

   It inflicts extra damage upon your enemies.
   MP:        It affects your magic capacity (+9).
   rCorr:     It protects you from acid and corrosion.
Armour
 h - the +3 pair of seven-league boots (worn) {Rampage+∞}
   (You acquired it on level 2 of the Lair of Beasts)

   Its wearer moves as far as possible in that direction when moving towards
   enemies.
 l - the +4 robe of the Cicada (worn) {Contam rF+ rCorr Archmagi}
   (You found it on level 7 of the Dungeon)

   rF:        It protects you from fire.
   Contam:    It causes magical contamination when unequipped.
   rCorr:     It protects you from acid and corrosion.
   Archmagi:  It increases the power of your magical spells.
 r - the +1 helmet of Haadausa (worn) {rPois rF+ rN+ Dex-3}
   (You acquired it on level 3 of the Lair of Beasts)

   Dex:       It affects your dexterity (-3).
   rF:        It protects you from fire.
   rPois:     It protects you from poison.
   rN:        It protects you from negative energy.
Jewellery
 i - a +4 ring of evasion (left hand)
 o - a ring of flight (right hand)
 q - the amulet of the Everdark (around neck) {Reflect SH+5 Stlth+}
   (You acquired it on level 3 of the Lair of Beasts)

   [amulet of reflection]

   It reflects blocked missile attacks.
   SH:        It affects your SH (+5).
   Stlth:     It makes you more stealthy.
Wands
 f - a wand of polymorph (16)
 s - a wand of paralysis (17) (quivered)
Scrolls
 a - a scroll of identify
 d - 4 scrolls of teleportation
 p - 2 scrolls of butterflies
 t - 3 scrolls of magic mapping
 u - a scroll of enchant armour {unknown}
Potions
 b - 3 potions of magic
 c - a potion of ambrosia
 g - a potion of cancellation {unknown}
 j - 5 potions of brilliance
 k - a potion of resistance
 m - 4 potions of haste
 n - 3 potions of heal wounds


   Skills:
 + Level 1.8 Fighting
 + Level 4.5 Dodging
 - Level 1.4 Stealth
 + Level 13.5 Spellcasting
 + Level 13.2 Conjurations
 + Level 5.2 Transmutations
 + Level 14.6 Fire Magic


You had 26 spell levels left.
You knew the following spells:

 Your Spells              Type           Power      Damage    Failure   Level
a - Foxfire               Conj/Fire      100%       2x1d9     0%          1
b - Scorch                Fire           100%       2d10      1%          2
c - Flame Wave            Conj/Fire      81%        2d18      1%          4
d - Apportation           Tloc           40%        N/A       4%          1
e - Irradiate             Conj/Tmut      33%        3d22      3%          5

Your spell library contained the following spells:

 Spells                   Type           Power      Damage    Failure   Level
 Magic Dart               Conj           100%       1d8       1%          1
 Searing Ray              Conj           100%       2d8       1%          2
 Conjure Flame            Conj/Fire      81%        6-21      1%          3
 Inner Flame              Hex/Fire       59%        N/A       1%          3
 Fulminant Prism          Conj/Hex       28%        3d14      3%          4
 Blink                    Tloc           40%        N/A       8%          2
 Sublimation of Blood     Necr           20%        N/A       8%          2
 Call Canine Familiar     Summ           20%        N/A       14%         3
 Confusing Touch          Hex            20%        N/A       14%         3
 Lesser Beckoning         Tloc           20%        N/A       14%         3
 Portal Projectile        Hex/Tloc       40%        N/A       14%         3
 Tukima's Dance           Hex            20%        N/A       14%         3
 Petrify                  Tmut/Erth      36%        N/A       16%         4
 Blade Hands              Tmut           25%        N/A       16%         5
 Yara's Violent Unravell  Hex/Tmut       18%        3d9       41%         5
 Leda's Liquefaction      Hex/Erth       10%        N/A       43%         4
 Manifold Assault         Tloc           20%        N/A       80%         5
 Enfeeble                 Hex            10%        N/A       100%        7


Dungeon Overview and Level Annotations

Branches:
Dungeon (8/15) Zot: 465    Temple (1/1) D:7 Zot: 384    Lair (3/5) D:8 Zot: 273
  Snake (1/4) Lair:2 Zot: 130
  Swamp: Lair:2-3    Shoals: Lair:2-3

Altars:
Ashenzari
Dithmenos
Elyvilon
Fedhas
Gozag
Hepliaklqana
Sif Muna
Uskayaw
Wu Jian
Xom
Zin

Shops:
D:2 [!:

Annotations:
Snake:1 Aizul


Innate Abilities, Weirdness & Mutations

You passively map the area around you.
You are easily found by Zot.
You glow in the dark.
You regain HP and MP as you explore.


Message History

You feel very sick. Aizul casts a spell at you.
You fall asleep.
A naga mage comes into view. It is wielding a +0 club.
You feel very sick. Aizul hits you!!
You wake up.
Aizul says, "Feeling sleepy?"
Aizul misses you.
Casting: Irradiate (dangerous; 3% risk of failure)
Confirm with . or Enter, or press ? or * to list all spells.
You feel a surge of power!
You erupt in a fountain of uncontrolled magic!
Aizul is blasted with magical radiation!!!
Aizul is severely wounded.
Aizul twists and deforms.
You feel sick. Aizul hits you!
* * * LOW HITPOINT WARNING * * *
The naga mage casts a spell.
The naga mage seems to speed up.
Blink to where?
Press: ? - help, Dir - move target
As you read the scroll of blinking, it crumbles to dust.
You feel sick.
Casting: Irradiate (dangerous; 3% risk of failure)
Confirm with . or Enter, or press ? or * to list all spells.
You feel a surge of power!
You conjure some foxfire!
You feel sick.
Casting: Foxfire (safe; 0% risk of failure)
Confirm with . or Enter, or press ? or * to list all spells.
You feel a surge of power!
You conjure some foxfire!
You feel sick.
Aizul coils herself and waves her upper body at you.
The bolt of poison hits your foxfire.
Your foxfire completely resists.
The bolt of poison hits you! You resist.
* * * LOW HITPOINT WARNING * * *
The foxfire hits Aizul.
Aizul is burned terribly!
Aizul is severely wounded.
Aizul casts a spell at you. The bolt of poison hits you!
You are lethally poisoned!
You resist.
You die...

##...^........##...#
#............###..##
##.........### ##..##
##........# ##...# ##*
####....## ##....# ..###
###### ##.....# , .....#
###......# ....(.#
####........# .......##
####@v........##
........###.§§vv.#####.##
.........S.§..#### ##.#
............### .#
##....#....#### *.#
......#..### *
.........*** * .........
###...... ,*


You could see Aizul (combustible, misshapen, ally target).

Vanquished Creatures
  Mlioglotl (Snake:1)
  A hydra (Lair:3)
  2 anacondas (Snake:1)
  A two-headed ogre (D:8)
  A naga warrior (Snake:1)
  A catoblepas (Lair:1)
  A naga sharpshooter (Snake:1)
  The ghost of hawla the Arsonist, a novice MeFE (D:6)
  An obsidian statue (Snake:1)
  6 black mambas
  Maggie (D:8)
  5 cane toads
  6 komodo dragons
  4 polar bears (Lair:2)
  2 wyverns (D:8)
  10 yaks
  A basilisk (Lair:1)
  10 nagas
  7 water moccasins
  3 orc warriors (D:8)
  An ice beast (D:5)
  2 sky beasts (D:7)
  A black bear (Lair:3)
  3 centaurs
  3 wolves (Lair:2)
  4 ogres
  3 phantoms
  A kobold brigand (D:8)
  4 scorpions
  7 bullfrogs
  A howler monkey (D:8)
  4 hounds
  4 jellies
  5 orc priests
  4 iguanas
  Jessica (D:3)
  2 orc wizards
  3 gnolls (D:4)
  10 adders
  A shadow imp (D:6)
  A worm (D:2)
  2 dart slugs
  22 orcs
  8 endoplasms
  A giant cockroach (D:4)
  7 goblins
  5 hobgoblins
  3 jackals (D:2)
  7 kobolds
  4 quokkas
  3 ball pythons
  4 bats
  3 frilled lizards
  A rat (D:3)
200 creatures vanquished.

Vanquished Creatures (collateral kills)
  A bullfrog (D:7)
  A jelly (D:7)
  4 foxfires
6 creatures vanquished.

Vanquished Creatures (others)
  334 foxfires
  12 fungi
  23 plants
369 creatures vanquished.

Grand Total: 575 creatures vanquished

Notes
Turn   | Place    | Note
-------+----------+-------------------------------------------
     0 | D:1      | hawla the Meteoran Fire Elementalist began the quest for
                  | the Orb.
     0 | D:1      | Reached XP level 1. HP: 14/14 MP: 5/5
   310 | D:1      | Found a faded altar of an unknown god.
   324 | D:1      | Reached XP level 2. HP: 20/20 MP: 4/6
   327 | D:1      | Learned a level 2 spell: Scorch
   329 | D:1      | Reached skill level 4 in Fire Magic
   500 | D:1      | Glimpsed the power of Zot.
   512 | D:2      | Found Idghiquav's Distillery.
   545 | D:2      | Found Peeggaro's Antique Armour Boutique.
   553 | D:2      | Reached XP level 3. HP: 26/26 MP: 5/8
   694 | D:2      | Reached XP level 4. HP: 30/33 MP: 2/9
   699 | D:2      | Learned a level 4 spell: Flame Wave
   907 | D:2      | Found Fuovoev's Book Emporium.
  1100 | D:2      | Glimpsed the power of Zot.
  1183 | D:3      | Found a hide-covered altar of Uskayaw.
  1192 | D:3      | Reached skill level 5 in Fire Magic
  1260 | D:2      | Bought a runed robe for 66 gold pieces
  1311 | D:3      | Reached XP level 5. HP: 24/38 MP: 0/10
  1403 | D:3      | Noticed Jessica
  1409 | D:3      | Killed Jessica
  1415 | D:3      | Got Jessica's Guide on the Compass
  1519 | D:3      | Noticed a +0 dagger
  1519 | D:3      | Noticed a +0 hand axe
  1812 | D:4      | Reached skill level 6 in Fire Magic
  1812 | D:4      | Reached XP level 6. HP: 45/45 MP: 4/11
  1880 | D:4      | Noticed an ogre
  1885 | D:4      | Killed an ogre
  1963 | D:4      | Reached skill level 7 in Fire Magic
  2011 | D:4      | Reached XP level 7. HP: 50/50 MP: 9/12
  2038 | D:4      | Found an ornate altar of the Wu Jian Council.
  2302 | D:4      | Glimpsed the power of Zot.
  2321 | D:5      | Entered Level 5 of the Dungeon
  2431 | D:5      | Reached skill level 8 in Fire Magic
  2435 | D:5      | Reached XP level 8. HP: 57/57 MP: 6/14
  2605 | D:5      | Reached skill level 5 in Conjurations
  2605 | D:5      | Reached skill level 9 in Fire Magic
  2768 | D:5      | Reached skill level 5 in Spellcasting
  2902 | D:5      | Glimpsed the power of Zot.
  2930 | D:6      | Gained mutation: You passively map the area around you.
                  | [Meteoran growth]
  2930 | D:6      | Reached XP level 9. HP: 62/62 MP: 10/18
  2949 | D:6      | Reached skill level 10 in Fire Magic
  3034 | D:6      | Found a runed translucent door.
  3398 | D:6      | Noticed hawla's ghost (novice MeFE)
  3408 | D:6      | Killed hawla's ghost
  3409 | D:6      | Reached skill level 11 in Fire Magic
  3409 | D:6      | Reached XP level 10. HP: 57/70 MP: 6/23
  3502 | D:6      | Glimpsed the power of Zot.
  3510 | D:7      | Identified the +4 robe of the Cicada {Contam rF+ rCorr
                  | Archmagi}
  3703 | D:7      | Found a staircase to the Ecumenical Temple.
  3752 | Temple   | Entered the Ecumenical Temple
  4180 | D:8      | Noticed Maggie
  4185 | D:8      | Reached skill level 12 in Fire Magic
  4191 | D:8      | Killed Maggie
  4244 | D:8      | Noticed a komodo dragon
  4256 | D:8      | Reached skill level 10 in Spellcasting
  4256 | D:8      | Killed a komodo dragon
  4257 | D:8      | Reached skill level 1 in Fighting
  4317 | D:8      | Found a broken altar of Ashenzari.
  4341 | D:8      | Noticed a two-headed ogre
  4350 | D:8      | Killed a two-headed ogre
  4351 | D:8      | Reached skill level 13 in Fire Magic
  4351 | D:8      | Reached XP level 11. HP: 26/77 MP: 14/27
  4520 | D:8      | Found a staircase to the Lair.
  4552 | Lair:1   | Entered Level 1 of the Lair of Beasts
  4552 | Lair:1   | Noticed a catoblepas
  4562 | Lair:1   | Killed a catoblepas
  4634 | Lair:1   | Reached skill level 14 in Fire Magic
  4639 | Lair:1   | Learned a level 1 spell: Apportation
  4645 | Lair:1   | Learned a level 5 spell: Irradiate
  4822 | Lair:1   | Identified the +4 short sword of Truncation {vorpal, rCorr
                  | MP+9}
  4904 | Lair:1   | Reached skill level 1 in Transmutations
  5051 | Lair:1   | Glimpsed the power of Zot.
  5079 | Lair:2   | Identified a scroll of acquirement
  5085 | Lair:2   | Acquired the +3 pair of seven-league boots {Rampage+∞}
  5085 | Lair:2   | Found the +3 pair of seven-league boots {Rampage+∞}
  5204 | Lair:2   | Reached XP level 12. HP: 22/85 MP: 23/29
  5329 | Lair:2   | Identified the +2 leather armour of Circular Logic {Dex+5}
  5389 | Lair:2   | Reached skill level 10 in Conjurations
  5523 | Lair:2   | Found a staircase to the Snake Pit.
  5650 | Lair:2   | Glimpsed the power of Zot.
  5729 | Lair:3   | Noticed a seven-headed hydra
  5737 | Lair:3   | Killed a seven-headed hydra
  5923 | Lair:3   | Found an opulent altar of Gozag.
  5988 | Lair:3   | Acquired the +1 helmet of Haadausa {rPois rF+ rN+ Dex-3}
  5990 | Lair:3   | Acquired the amulet of the Everdark {Reflect SH+5 Stlth+}
  6076 | Snake:1  | Entered Level 1 of the Snake Pit
  6076 | Snake:1  | Noticed an obsidian statue
  6076 | Snake:1  | Noticed an anaconda
  6083 | Snake:1  | Killed an obsidian statue
  6085 | Snake:1  | Killed an anaconda
  6287 | Snake:1  | Noticed a naga sharpshooter
  6288 | Snake:1  | Noticed a naga sharpshooter
  6289 | Snake:1  | Noticed Aizul
  6349 | Snake:1  | Reached XP level 13. HP: 62/91 MP: 30/30
  6415 | Snake:1  | Noticed a naga warrior
  6424 | Snake:1  | Killed a naga warrior
  6454 | Snake:1  | Noticed an anaconda
  6460 | Snake:1  | Killed an anaconda
  6463 | Snake:1  | Noticed Mlioglotl
  6469 | Snake:1  | Noticed a tentacled monstrosity
  6472 | Snake:1  | Killed Mlioglotl
  6473 | Snake:1  | Reached skill level 5 in Transmutations
  6544 | Snake:1  | Killed from afar by Aizul

Illustrated notes

Levels and vault maps discovered:
D:1:      matt_arrival_grand_opening, layout_loops_corners,
          shapermc_ecumenical_altar_gd, amethyst_killhole, kennysheep_boxes
D:2:      layout_basic, serial_shops, nicolae_square_shop, shop, shop_statue
D:3:      layout_rooms, dancing_weapons_uskayaw, kennysheep_jessica_study
D:4:      layout_basic, nicolae_wu_jian_immortal_techniques
D:5:      layout_layer_cave, kennysheep_diamond, kennysheep_flooded_box
D:6:      layout_cave_pools, ebering_ghost_sewer_d
D:7:      layout_basic, slow_altar_2, minmay_temple_entry_arrows,
          gammafunk_ghost_necromancy
D:8:      layout_basic, grunt_temple_overflow_opulence, lemuel_crystal_altar,
          mainiacjoe_overflow_catwalk, minitemple,
          grunt_lair_entry_orc_guard_hut, kennysheep_dice, uniq_maggie,
          uniq_grum
Temple:   hellmonk_temple_beads
Lair:1:   layout_regular_city
Lair:2:   layout_regular_city, minmay_snake_entry_guardpost_medium,
          cheibrodos_lair_lostbears, grunt_megastairs_2
Lair:3:   layout_long_grid, shoals_dummy_entry, basic_altar, grunt_megastairs_5
Snake:1:  layout_cave_pods, dpeg_stationary_puzzle, uniq_mlioglotl, uniq_aizul

Skill      XL: |  1  2  3  4  5  6  7  8  9 10 11 12 13 |
---------------+----------------------------------------+-----
Fire Magic     | 4 5 6 7 8 9 11 13 14 | 14.6
Spellcasting   | 3 5 8 11 12 13 | 13.5
Conjurations   | 2 3 4 5 6 8 12 13 | 13.2
Dodging        | 3 4 |  4.5
Fighting       | 1 |  1.8
Transmutations | 2 4 5 |  5.2
Stealth        | |  1.4

Action                   |  1- 3 |  4- 6 |  7- 9 | 10-12 | 13-15 || total
-------------------------+-------+-------+-------+-------+-------++-------
Melee: Unarmed           |     2 |     5 |    15 |     3 |       ||    25
       Punch             |       |       |     1 |       |       ||     1
       Short sword       |       |       |       |    26 |       ||    26
 Cast: Foxfire           |    33 |    42 |    56 |    59 |     8 ||   198
       Scorch            |     8 |    14 |    40 |   117 |    18 ||   197
       Flame Wave        |       |     1 |     3 |    21 |     2 ||    27
       Irradiate         |       |       |       |    12 |     7 ||    19
  Use: Scroll            |     1 |     7 |     5 |    15 |     1 ||    29
       Potion            |       |       |       |     3 |       ||     3
Armor: Robe              |     1 |     6 |     5 |    37 |     5 ||    54
Dodge: Dodged            |     5 |    14 |    17 |   116 |    15 ||   167
Block: Other             |       |       |       |     5 |     1 ||     6
